 Dungeon Crawl Stone Soup version 0.28-a0-631-g0446da8ef9 (webtiles) character file.

Game seed: 10455361745334808944

1108 jasper the Cleaver (level 8, -2/58 HPs)
             Began as a Demonspawn Fighter on Oct 9, 2021.
             Was a Follower of Nemelex Xobeh.
             Slain by an orc warrior (11 damage)
             ... on level 6 of the Dungeon.
             The game lasted 00:10:14 (6094 turns).

jasper the Cleaver (Demonspawn Fighter)             Turns: 6094, Time: 00:10:14

Health: -2/58      AC: 10    Str: 17    XL:     8   Next: 11%
Magic:  8/8        EV:  9    Int: 10    God:    Nemelex Xobeh [*.....]
Gold:   191        SH: 10    Dex: 20    Spells: 7/7 levels left

rFire   . . .      SeeInvis .   a - +0 war axe (elec)
rCold   . . .      Faith    .   c - +0 buckler
rNeg    . . .      Spirit   .   b - +0 scale mail
rPois   .          Reflect  +   (helmet restricted)
rElec   .          Harm     .   (no cloak)
rCorr   .          Rampage  .   E - +1 pair of gloves
Will    .....                   (no boots)
Stlth   ..........              z - amulet of reflection
HPRegen 0.19/turn               w - +6 ring of dexterity
MPRegen 0.11/turn               (no ring)

@: no status effects
A: antennae 1, slimy green scales 1, demonic guardian 2, powered by pain 1
a: Renounce Religion, Draw Escape, Draw Destruction, Draw Summoning


You were on level 6 of the Dungeon.
You worshipped Nemelex Xobeh.
Nemelex Xobeh was aware of your devotion.
You visited 1 branch of the dungeon, and saw 6 of its levels.

You collected 331 gold pieces.
You spent 140 gold pieces at shops.

Inventory:

Hand Weapons
 a - a +0 war axe of electrocution (weapon)
 e - a +0 flail
 s - a +0 war axe
Missiles
 h - a throwing net
 m - 183 stones
 t - 7 boomerangs (quivered)
 u - 6 silver boomerangs
 v - 6 datura-tipped darts
Armour
 b - a +0 scale mail (worn)
 c - a +0 buckler (worn)
 i - a +0 plate armour
 E - a +1 pair of gloves (worn)
Jewellery
 q - an amulet of guardian spirit
 w - a +6 ring of dexterity (left hand)
 z - an amulet of reflection (around neck)
 F - a ring of fire
Wands
 C - a wand of digging (9)
 D - a wand of charming (14)
Scrolls
 f - 2 scrolls of magic mapping
 x - a scroll of teleportation
 y - a scroll of amnesia
Potions
 d - a potion of might
 g - a potion of resistance
 j - a potion of heal wounds
 k - 4 potions of lignification
 l - 3 potions of curing {unknown}
 n - 2 potions of flight {unknown}
 o - a potion of magic {unknown}
 p - a potion of haste
 r - a potion of cancellation {unknown}
 A - a potion of ambrosia {unknown}
 B - a potion of mutation {unknown}


   Skills:
 - Level 3.0 Fighting
 + Level 9.0 Axes
 - Level 2.6 Armour
 - Level 2.6 Shields


You had 7 spell levels left.
You didn't know any spells.
Your spell library contained the following spells:

 Spells                   Type           Power      Damage    Failure   Level
 Ensorcelled Hibernation  Hex/Ice        0%         N/A       92%         2
 Spider Form              Tmut/Pois      0%         N/A       99%         3
 Tukima's Dance           Hex            0%         N/A       99%         3


Dungeon Overview and Level Annotations

Branches:
Dungeon (6/15)             Temple (0/1) D:5

Altars:
Fedhas
Nemelex Xobeh
Ru
Trog
Uskayaw
Xom

Shops:
D:4 !   D:5 *


Innate Abilities, Weirdness & Mutations

You have a pair of small antennae on your head.
You are partially covered in slimy green scales. (AC +2)
A demonic guardian rushes to your aid.
You sometimes gain a little power by taking damage.


Message History

The scorpion stings you.
You are poisoned.
The scorpion poisons you! The scorpion barely misses you.
You take 2 damage, and have 56/58 hp.
You hit the scorpion.
The scorpion is almost dead.
You feel sick. You block the scorpion's attack.
You take 1 damage, and have 55/58 hp.
You hit the scorpion but do no damage.
The scorpion is almost dead.
You feel sick.
The scorpion stings you but does no damage.
You take 2 damage, and have 53/58 hp.
You completely miss the scorpion.
The scorpion is almost dead.
You feel sick. You block the scorpion's attack.
The scorpion stings you but does no damage.
You take 2 damage, and have 51/58 hp.
You slash the scorpion!
You kill the scorpion!
You feel sick.
Your Axes skill increases to level 9!
You take 1 damage, and have 50/58 hp.
You hit the orc warrior.
The orc warrior is lightly wounded.
You feel sick. You block the orc warrior's attack.
You closely miss the orc warrior.
The orc warrior is lightly wounded.
You feel sick. You block the orc warrior's attack.
The orc warrior hits you with a +0 dire flail of holy wrath!
A demonic guardian appears!
You convulse!!
* * * LOW HITPOINT WARNING * * *
You take 40 damage, and have 10/58 hp.
MASSIVE DAMAGE!!
You hit the orc warrior.
The orc warrior is lightly wounded.
You feel sick.
You are no longer poisoned.
The orc warrior hits you with a +0 dire flail of holy wrath!
You die...
Your body disappears without a glow.

.#.#.#.#.#. ... ....... . ....
#....#### # ).... #.#....# .
...o.##...## . ...o###..#
#..... ######## #o.)##.# #.....
#......#######.##.# ......
#....#.....4@oo##.######.....
####..########......##.......
##...## #..#....#.#.....
#########..# ##.######.### #.
#.......##.# #.####.....###.
#..####..#.### #.##..##.##..##
##..####.#...####.#.####+####.#
##..###..##....)..............
##..###.#####...######+######


You could see an orc warrior (ally target), an orc and a friendly orange demon
(summoned).

Vanquished Creatures
  An acid dragon (D:5)
  2 water moccasins (D:6)
  A black bear (D:4)
  A centaur (D:5)
  A bullfrog (D:6)
  A scorpion (D:6)
  3 wights (D:5)
  A jelly (D:4)
  An orc priest (D:5)
  A centaur skeleton (D:6)
  A hound (D:6)
  An iguana (D:5)
  2 orc wizards
  A river rat (D:5)
  5 adders
  An ufetubus (D:4)
  5 worms
  4 dart slugs
  7 orcs
  6 endoplasms
  9 giant cockroaches
  13 goblins
  4 hobgoblins
  4 jackals (D:1)
  4 quokkas
  4 ball pythons
  6 bats
  2 frilled lizards (D:3)
  9 kobolds
  7 rats
108 creatures vanquished.

Vanquished Creatures (collateral kills)
  An orc wizard (D:5)
  An orc (D:5)
2 creatures vanquished.

Vanquished Creatures (others)
  An orc priest (D:5)
1 creature vanquished.

Grand Total: 111 creatures vanquished

Notes
Turn   | Place    | Note
-------+----------+-------------------------------------------
     0 | D:1      | jasper the Demonspawn Fighter began the quest for the Orb.
     0 | D:1      | Reached XP level 1. HP: 18/18 MP: 1/1
    70 | D:1      | Reached skill level 2 in Axes
   264 | D:1      | Gained mutation: You have a pair of small antennae on your
                  | head. [demonic ancestry]
   264 | D:1      | Reached XP level 2. HP: 24/24 MP: 2/2
   471 | D:1      | Reached skill level 3 in Axes
   971 | D:2      | Gained mutation: You are partially covered in slimy green
                  | scales. (AC +2) [demonic ancestry]
   971 | D:2      | Reached XP level 3. HP: 29/29 MP: 3/3
  1718 | D:3      | Gained mutation: A weak demonic guardian rushes to your
                  | aid. [demonic ancestry]
  1718 | D:3      | Reached XP level 4. HP: 35/35 MP: 4/4
  1746 | D:3      | Reached skill level 4 in Axes
  2998 | D:4      | Found Akkaducs's Distillery.
  3035 | D:4      | Bought a potion of haste for 140 gold pieces
  3041 | D:4      | Noticed a black bear
  3046 | D:4      | Killed a black bear
  3047 | D:4      | Reached skill level 5 in Axes
  3047 | D:4      | Gained mutation: You sometimes gain a little power by
                  | taking damage. [demonic ancestry]
  3047 | D:4      | Reached XP level 5. HP: 25/41 MP: 2/5
  3257 | D:4      | Found a sparkling altar of Nemelex Xobeh.
  3275 | D:4      | Became a worshipper of Nemelex Xobeh the Trickster
  3512 | D:4      | Gained mutation: A demonic guardian rushes to your aid.
                  | [demonic ancestry]
  3512 | D:4      | Reached XP level 6. HP: 47/47 MP: 6/6
  3600 | D:5      | Entered Level 5 of the Dungeon
  3646 | D:5      | Reached skill level 6 in Axes
  3768 | D:5      | Found a blossoming altar of Fedhas.
  3810 | D:5      | Found Emuehodi's Gadget Gallery.
  3963 | D:5      | Reached * piety under Nemelex Xobeh
  4039 | D:5      | Reached skill level 7 in Axes
  4039 | D:5      | Reached XP level 7. HP: 43/51 MP: 4/7
  4103 | D:5      | Found a bloodstained altar of Trog.
  4135 | D:5      | Noticed a +0 hand axe
  4136 | D:5      | Noticed a +0 hand axe
  4138 | D:5      | Found a hide-covered altar of Uskayaw.
  4162 | D:5      | Found a staircase to the Ecumenical Temple.
  4201 | D:5      | Received a gift from Nemelex Xobeh
  4629 | D:5      | Found a shimmering altar of Xom.
  5185 | D:6      | Found a sacrificial altar of Ru.
  5194 | D:6      | Reached skill level 8 in Axes
  5804 | D:6      | Reached XP level 8. HP: 39/58 MP: 8/8
  6092 | D:6      | Reached skill level 9 in Axes
  6094 | D:6      | Slain by an orc warrior

Illustrated notes

Levels and vault maps discovered:
D:1:      onia_arrival_pyramid, layout_basic
D:2:      layout_basic
D:3:      layout_loops_cross
D:4:      layout_loops_corners, nemelex_spade_bored_becter, serial_shops,
          nicolae_diamond_shop
D:5:      layout_loops_ring, bloody_trog, dancing_weapons_uskayaw,
          mainiacjoe_overflow_brackets, brannock_xom_greatest_gift,
          minmay_temple_entry_poolview, gup_sewer_entry_bubbles,
          amcnicky_mini_pool_small, nicolae_shop_gadgets
D:6:      layout_rooms, kennysheep_mini_moat, st_stairs_13, interstate_on_off

Skill      XL: |  1  2  3  4  5  6  7  8 |
---------------+-------------------------+-----
Axes           | 2 3 5 7 8 9 |  9.0
Fighting       | |  3.0
Armour         | |  2.6
Shields        | |  2.6

Action                   |  1- 3 |  4- 6 |  7- 9 || total
-------------------------+-------+-------+-------++-------
Melee: War axe           |   141 |    90 |    85 ||   316
Throw: Stone             |       |    18 |       ||    18
       Dart              |       |     1 |     1 ||     2
       Boomerang         |       |       |    11 ||    11
Invok: Draw Destruction  |       |       |     4 ||     4
Evoke: Wand              |       |    13 |     9 ||    22
  Use: Scroll            |     4 |     2 |     4 ||    10
       Potion            |       |     2 |     1 ||     3
Armor: Scale mail        |    64 |    64 |    24 ||   152
Dodge: Dodged            |    40 |    43 |    32 ||   115
Block: Buckler           |    29 |    21 |    42 ||    92

Table legend: (Time is in decaauts)
 A = Elapsed time spent in this place.
 B = Non-inter-level travel time spent in this place.
 C = Inter-level travel time spent in this place.
 D = Time resting spent in this place.
 E = Time spent auto-exploring this place.
 F = Levels seen in this place.
 G = Mean time per level.
                   A        B        C        D        E       F      G
               +--------+--------+--------+--------+--------+-----+--------+
         Total |   6207 |   5977 |    230 |    681 |   4173 |   6 | 1034.5 |
       Dungeon |   6207 |   5977 |    230 |    681 |   4173 |   6 | 1034.5 |
               +--------+--------+--------+--------+--------+-----+--------+

Top non-repeatable levels by time:
     D:5: 1467 daAuts
     D:4: 1078 daAuts
     D:6: 1076 daAuts
     D:1: 982 daAuts
     D:3: 955 daAuts
     D:2: 647 daAuts
